 Dungeon Crawl Stone Soup version 0.30.1-4-g462c640d31 (webtiles) character file.

Game seed: 9943663164808139899

48 safid the Chiller (level 3, -1/27 HPs)
             Began as a Merfolk Ice Elementalist on Aug 23, 2023.
             Succumbed to a scorpion's poison
             ... on level 2 of the Dungeon.
             The game lasted 00:01:14 (892 turns).

safid the Chiller (Merfolk Ice Elementalist)         Turns: 892, Time: 00:01:15

Health: -1/27      AC:  2    Str:  9 (12) XL:     3   Next: 72%
Magic:  3/6        EV: 12    Int: 13 (15) God:
Gold:   35         SH:  0    Dex: 12 (13) Spells: 3/7 levels left

rFire   . . .        d - +0 spear (flame)
rCold   . . .        (no shield)
rNeg    . . .        a - +0 robe
rPois   .            (no helmet)
rElec   .            (no cloak)
rCorr   .            (no gloves)
SInv    .            (no boots)
Will    .....        (no amulet)
Stlth   ++           (no ring)
HPRegen 0.24/turn    (no ring)
MPRegen 0.10/turn

%: no passive effects
@: lethally poisoned (-1 -> -14), freezing walls
A: (nimble swimmer 2), mertail, low MP 1, strong 1
a: no special abilities


You were on level 2 of the Dungeon.
You visited 1 branch of the dungeon, and saw 2 of its levels.

You collected 35 gold pieces.

Inventory:

Hand Weapons
 d - a +0 spear of flaming (weapon)
Armour
 a - a +0 robe (worn)
Scrolls
 e - a scroll of amnesia {unknown}
 g - a scroll of teleportation {unknown}
 h - a scroll of identify {unknown}
Potions
 b - 2 potions of magic
 i - a potion of flight {unknown}


   Skills:
 + Level 1.8 Fighting
 - Level 2.6 Dodging
 - Level 2.1 Stealth
 + Level 2.6 Spellcasting
 + Level 4.9 Ice Magic


You had 3 spell levels left.
You knew the following spells:

 Your Spells              Type           Power      Damage    Failure   Level
a - Freeze                Ice            56%        1d7       3%          1
b - Frozen Ramparts       Ice            28%        1d5       10%         3

Your spell library contained the following spells:

 Spells                   Type           Power      Damage    Failure   Level
 Ozocubu's Armour         Ice            14%        N/A       10%         3
 Shock                    Conj/Air       4%         1d3       24%         1
 Swiftness                Air            1%         N/A       58%         3
 Ice Form                 Ice/Tmut       8%         N/A       65%         4
 Summon Ice Beast         Ice/Summ       8%         N/A       65%         4
 Airstrike                Air            0%         2d(1-17)  94%         4


Dungeon Overview and Level Annotations

Branches:
Dungeon (1/15)

Altars:

Annotations:
D:2 1 runed translucent door, Crazy Yiuf


Innate Abilities, Weirdness & Mutations

((You are very nimble when in or above water. (Stealth+, EV+, Speed+++)))
Your lower body shifts to a powerful aquatic tail in water.
Your magical capacity is low. (-10% MP)
Your muscles are strong. (Str +4, Int/Dex -1)


Message History

You reach to attack!
You hit the scorpion. You burn the scorpion.
The scorpion is moderately wounded.
The wall freezes the scorpion but does no damage.
You hit the scorpion but do no damage.
The scorpion is moderately wounded.
The wall freezes the scorpion but does no damage.
The scorpion barely misses you.
You hit the scorpion but do no damage.
The scorpion is moderately wounded.
The wall freezes the scorpion.
The scorpion stings you.
The wall freezes the scorpion but does no damage.
The scorpion stings you.
You are poisoned.
The scorpion poisons you!
You closely miss the scorpion.
The scorpion is heavily wounded.
You feel very sick.
The wall freezes the scorpion.
The scorpion closely misses you.
Unknown command.
You hit the scorpion but do no damage.
The scorpion is severely wounded.
You feel very sick.
The wall freezes the scorpion.
The scorpion stings you.
You are lethally poisoned!
The scorpion poisons you!
Unknown command.
You are too injured to fight recklessly!
Unknown command.
It was a potion of degeneration.
There was something very wrong with that liquid.
You feel weakened.
You feel dopey.
You feel clumsy.
* * * LOW HITPOINT WARNING * * *
You feel very sick.
The wall freezes the scorpion but does no damage.
The scorpion stings you.
* * * LOW HITPOINT WARNING * * *
The wall freezes the scorpion.
The scorpion closely misses you.
It was a potion of mutation.
You feel extremely strange.
You feel less energetic.
You feel stronger.
You die...

#.........##'##.#.#.....#
#.
#.........##.#..#.#######
## #.........##.#.##.#
############.#.##.#
#.#.##)# #.#....#
#.####.. #.# ### #@# #s#
#.# #.# #.# #.# #.. ###


You could see a scorpion.

Vanquished Creatures
  3 adders (D:2)
  A dart slug (D:2)
  A ball python (D:2)
  An endoplasm (D:2)
  3 goblins (D:2)
  2 hobgoblins (D:2)
  4 jackals (D:2)
  2 frilled lizards (D:2)
  2 kobolds (D:2)
19 creatures vanquished.

Notes
Turn   | Place    | Note
-------+----------+-------------------------------------------
     0 | D:1      | safid the Merfolk Ice Elementalist began the quest for the
                  | Orb.
     0 | D:1      | Reached XP level 1. HP: 13/13 MP: 3/3
    28 | D:1      | You fall into a shaft and drop 1 floor!
    36 | D:2      | Found a runed translucent door.
    37 | D:2      | Noticed Crazy Yiuf
    90 | D:2      | Reached skill level 1 in Fighting
    90 | D:2      | Reached XP level 2. HP: 18/21 MP: 0/5
   390 | D:2      | Reached XP level 3. HP: 26/26 MP: 6/6
   394 | D:2      | Learned a level 3 spell: Frozen Ramparts
   883 | D:2      | Noticed a scorpion
   892 | D:2      | Gained mutation: Your magical capacity is low. (-10% MP)
                  | [potion of mutation]
   892 | D:2      | Gained mutation: Your muscles are strong. (Str +4, Int/Dex
                  | -1) [potion of mutation]
   892 | D:2      | Succumbed to a scorpion's poison

Illustrated notes

Levels and vault maps discovered:
D:1:      minmay_arrival_solitary_statue, layout_basic
D:2:      layout_basic, basic_altar, supply_closet_lemuel, minivault_14,
          uniq_crazy_yiuf_cottage

Skill      XL: |  1 |
---------------+----+-----
Fighting       | 1 |  1.8
Dodging        | |  2.6
Stealth        | |  2.1
Spellcasting   | |  2.6
Ice Magic      | |  4.9

Action                     || total
---------------------------++-------
  Melee: Unarmed           ||     2
         Spear             ||    68
         Dagger            ||     5
   Cast: Freeze            ||    13
         Frozen Ramparts   ||     1
    Use: Potion            ||     2
   Stab: Sleeping          ||     3
 Armour: Robe              ||    12
  Dodge: Dodged            ||    40
